 Dungeon Crawl Stone Soup version 0.23.1 (webtiles) character file.

Game seed: 0

473 Fang the Skirmisher (level 7, -16/66 HPs)
             Began as a Gargoyle Berserker on Mar 6, 2019.
             Was a Priest of Trog.
             Demolished by an ogre
             ... wielding a +0 giant spiked club
              (25 damage)
             ... on level 4 of the Dungeon on Mar 7, 2019.
             The game lasted 00:03:51 (2826 turns).

Fang the Skirmisher (Gargoyle Berserker)            Turns: 2826, Time: 00:03:51

Health: -16/66     AC:  7    Str: 26    XL:     7   Next: 10%
Magic:  7/7        EV: 13    Int:  7    God:    Trog [***...]
Gold:   143        SH:  0    Dex:  9    Spells: 6/6 levels left

rFire    . . .     SeeInvis .   a - +0 hand axe
rCold    . . .     Gourm    .   (no shield)
rNeg     + . .     Faith    .   b - +0 animal skin
rPois    ∞         Spirit   .   (no helmet)
rElec    +         Reflect  .   (no cloak)
rCorr    .         Harm     .   (no gloves)
MR       .....                  (no boots)
Stlth    ..........             (no amulet)
HPRegen  0.21/turn              j - -2 ring of strength (curse)
MPRegen  0.10/turn              (no ring)

@: berserking, very quick
A: negative energy resistance 1, electricity resistance, unbreathing,
petrification resistance, rot immunity, AC +4
a: Berserk, Trog's Hand, Renounce Religion


You were on level 4 of the Dungeon.
You worshipped Trog.
Trog was most pleased with you.
You were hungry.

You visited 1 branch of the dungeon, and saw 4 of its levels.

You collected 143 gold pieces.

Inventory:

Hand Weapons
 a - a +0 hand axe (weapon)
Armour
 b - a +0 animal skin (worn)
Jewellery
 j - a cursed -2 ring of strength (left hand)
Scrolls
 d - 2 scrolls of amnesia {unknown}
 f - a scroll of magic mapping {unknown}
 h - 5 scrolls of remove curse {unknown}
 i - 3 scrolls of blinking {unknown}
 k - a scroll of fear {unknown}
 n - 4 scrolls of identify {unknown}
 p - 3 scrolls of teleportation {unknown}
 q - 2 scrolls of enchant weapon {unknown}
Potions
 e - a potion of agility {unknown}
 g - 2 potions of degeneration {unknown}
 l - 2 potions of lignification {unknown}
 m - a potion of cancellation {unknown}
 o - a potion of heal wounds {unknown}
 s - a potion of magic {unknown}
Comestibles
 c - 11 rations
 r - 6 chunks of flesh


   Skills:
 + Level 5.1 Fighting
 + Level 4.2 Axes
 + Level 4.4 Armour
 + Level 3.3 Dodging


You had 6 spell levels left.
You didn't know any spells.
Your spell library was empty.

Dungeon Overview and Level Annotations

Branches:
Dungeon (4/15)
 Temple: D:4-7

Altars:
Gozag
Trog


Innate Abilities, Weirdness & Mutations

You are resistant to torment.
Your stone body is resilient. (AC +4)
You are immune to poison.
You resist negative energy. (rN+)
You are resistant to electric shocks. (rElec)
You can survive without breathing.
You are immune to petrification.
You are immune to rotting.


Message History

The orc hits you but does no damage. The orc barely misses you.
The orc wizard hits you but does no damage.
Items here: ) [ †† a +0 club; a +0 scale mail; a howler monkey corpse; an orc corpse You slash the ogre!
The ogre is heavily wounded.
You slash the orc!
You kill the orc!
Trog accepts your kill.
You closely miss the orc wizard. You hit the orc.
You kill the orc!
Trog accepts your kill. The orc wizard barely misses you.
You slash the ogre!
The ogre is almost dead.
You closely miss the orc wizard. You hit the worker ant.
The worker ant bites you.
* * * LOW HITPOINT WARNING * * *
The ogre hits you with a +0 giant spiked club!!
You die...

######## #......#
#......# #####
#......# #<..#
###......# .
###.###.....÷..+ ...
#...#.#......#####(...
###.#...>....'.a......
#.#........#@o......
#.#.#......#O[......
#...########....####
##### #..r.# .....#
.!.).# $....# ......#


You could see an ogre, a worker ant, an orc wizard and a quokka.

Vanquished Creatures
  Sigmund (D:2)
  2 howler monkeys (D:4)
  Crazy Yiuf (D:2)
  An iguana (D:4)
  Natasha (thrice) (D:2)
  2 adders
  An ooze (D:4)
  2 worms
  4 dart slugs (D:1)
  2 leopard geckos
  4 orcs
  7 goblins
  6 hobgoblins
  7 jackals (D:1)
  3 quokkas
  8 bats
  14 frilled lizards
  5 kobolds
  7 rats
80 creatures vanquished.

Notes
Turn   | Place    | Note
-------+----------+-------------------------------------------
     0 | D:1      | Fang the Gargoyle Berserker began the quest for the Orb.
     0 | D:1      | Reached XP level 1. HP: 14/14 MP: 1/1
    15 | D:1      | Reached XP level 2. HP: 15/19 MP: 2/2
   359 | D:1      | Reached XP level 3. HP: 23/23 MP: 3/3
   474 | D:1      | Reached ** piety under Trog
  1055 | D:2      | Noticed Natasha
  1065 | D:2      | Killed Natasha
  1065 | D:2      | Reached XP level 4. HP: 29/29 MP: 4/4
  1181 | D:2      | Noticed Sigmund
  1183 | D:2      | Noticed Natasha
  1193 | D:2      | Killed Natasha
  1193 | D:2      | Reached skill level 4 in Fighting
  1195 | D:2      | Killed Sigmund
  1195 | D:2      | Reached XP level 5. HP: 28/34 MP: 5/5
  1195 | D:2      | Reached XP level 6. HP: 32/39 MP: 6/6
  1247 | D:2      | Found an opulent altar of Gozag.
  1278 | D:2      | Noticed Natasha
  1293 | D:2      | Killed Natasha
  1573 | D:2      | Found a runed translucent door.
  1574 | D:2      | Noticed Crazy Yiuf
  1751 | D:2      | Killed Crazy Yiuf
  2010 | D:3      | Reached *** piety under Trog
  2018 | D:3      | Found a bloodstained altar of Trog.
  2819 | D:4      | Reached skill level 5 in Fighting
  2823 | D:4      | Reached XP level 7. HP: 13/44 MP: 7/7
  2826 | D:4      | Demolished by an ogre

Skill      XL: |  1  2  3  4  5  6 |
---------------+-------------------+-----
Axes           | 3 4 |  4.2
Dodging        | 2 3 |  3.3
Armour         | 3 4 |  4.4
Fighting       | 4 5 |  5.1

Action                   |  1- 3 |  4- 6 |  7- 9 || total
-------------------------+-------+-------+-------++-------
Melee: Hand axe          |    65 |   149 |     2 ||   216
Invok: Berserk           |     1 |     4 |       ||     5
  Eat: Chunk             |       |    10 |       ||    10
Armor: Animal skin       |    26 |    71 |     2 ||    99
Dodge: Dodged            |    45 |   121 |     5 ||   171
